 Dungeon Crawl Stone Soup version 0.30-a0-847-g17996783a1 (webtiles) character file.

Game seed: 13726849959187735430

0 holysushi the Trooper (level 1, 0/18 HPs)
             Began as a Demonspawn Monk on Mar 4, 2023.
             Constricted to death by a ball python (1 damage)
             ... on level 1 of the Dungeon.
             The game lasted 00:00:03 (41 turns).

holysushi the Trooper (Demonspawn Monk)               Turns: 41, Time: 00:00:04

Health: 0/18       AC:  2    Str: 11    XL:     1   Next: 8%
Magic:  1/1        EV:  9    Int: 11    God:
Gold:   0          SH:  0    Dex: 15    Spells: 0/0 levels left

rFire   . . .      SeeInvis .    a - +0 short sword
rCold   . . .      Faith    .    (no shield)
rNeg    . . .      Spirit   .    b - +0 robe
rPois   .          Reflect  .    (no helmet)
rElec   .          Rampage  .    (no cloak)
rCorr   .                        (no gloves)
Will    .....                    (no boots)
Stlth   ++                       (no amulet)
HPRegen 0.23/turn                (no ring)
MPRegen 0.07/turn                (no ring)

@: constricted
A: no striking features
a: no special abilities


You were on level 1 of the Dungeon.
You visited 1 branch of the dungeon, and saw 1 of its levels.

Inventory:

Hand Weapons
 a - a +0 short sword (weapon)
Armour
 b - a +0 robe (worn)
Potions
 c - a potion of ambrosia


   Skills:
 - Level 3.0 Fighting
 + Level 2.7 Short Blades
 - Level 2.6 Dodging
 - Level 1.7 Stealth


You couldn't memorise any spells.
You didn't know any spells.
Your spell library was empty.

Dungeon Overview and Level Annotations

Branches:
Dungeon (1/15) Zot: 5957

Altars:


Message History

The rat closely misses you.
You hit the rat.
You kill the rat!
No target in view!
You see here a rat corpse.
No target in view!
A ball python comes into view.
A ball python is nearby!
A ball python is nearby!
A ball python is nearby!
A bat comes into view.
The ball python hisses angrily.
A goblin comes into view. It is wielding a +0 club.
The bat hits you but does no damage. The ball python barely misses you.
The ball python grabs you. The ball python constricts you.
You escape the ball python's grasp.
The bat hits you. The bat hits you but does no damage.
You closely miss the bat. The ball python barely misses you.
The ball python closely misses you. The bat closely misses you.
The bat barely misses you. The ball python bites you.
The ball python grabs you. The ball python constricts you.
The ball python bites you. The ball python constricts you.
You closely miss the ball python. The bat hits you but does no damage.
The goblin hits you with a +0 club. The ball python barely misses you.
The ball python constricts you.
You hit the ball python but do no damage.
The bat hits you. The goblin hits you with a +0 club.
The ball python completely misses you. The ball python constricts you.
You escape the ball python's grasp.
The bat barely misses you. The goblin hits you with a +0 club.
* * * LOW HITPOINT WARNING * * *
The bat attacks as you move away! The bat misses you.
The goblin attacks as you move away! The goblin hits you but does no damage.
The bat misses you. The ball python barely misses you.
The ball python grabs you. The ball python constricts you.
* * * LOW HITPOINT WARNING * * *
The bat barely misses you. The ball python bites you.
* * * LOW HITPOINT WARNING * * *
The ball python constricts you.
You die...

#### ...
###.### .....#
#.#.#.######
#...gb@....#
#......S####.#
#.#....... #†#
#...#.#.##.####
#.#.#.#.#.....#
#.###.# #..##.#
# ..#....##.#
#####.###.# ..
#.#


You could see a goblin, a bat and a ball python.

Vanquished Creatures
  A rat (D:1)
1 creature vanquished.

Notes
Turn   | Place    | Note
-------+----------+-------------------------------------------
     0 | D:1      | holysushi the Demonspawn Monk began the quest for the Orb.
     0 | D:1      | Reached XP level 1. HP: 18/18 MP: 1/1
    41 | D:1      | Constricted to death by a ball python

Illustrated notes

Levels and vault maps discovered:
D:1:      psy_arrival_whirlpool, layout_basic, basic_ecumenical_altar

Action                     || total
---------------------------++-------
  Melee: Short sword       ||     5
 Armour: Robe              ||     4
  Dodge: Dodged            ||    13

Table legend: (Time is in decaauts)
 A = Elapsed time spent in this place.
 B = Non-inter-level travel time spent in this place.
 C = Inter-level travel time spent in this place.
 D = Time resting spent in this place.
 E = Time spent auto-exploring this place.
 F = Levels seen in this place.
 G = Mean time per level.
                   A        B        C        D        E       F      G
               +--------+--------+--------+--------+--------+-----+--------+
         Total |     41 |     41 |      0 |      0 |     25 |   1 |   41.0 |
       Dungeon |     41 |     41 |      0 |      0 |     25 |   1 |   41.0 |
               +--------+--------+--------+--------+--------+-----+--------+

Top non-repeatable levels by time:
     D:1: 41 daAuts
